 Dungeon Crawl Stone Soup version 0.27.1-34-g3ba077fa99 (webtiles) character file.

Game seed: 2593337169538813448

58 shadowrider38 the Covered (level 3, -2/34 HPs)
             Began as a Deep Dwarf Fighter on Jan 6, 2022.
             Slain by a gnoll (4 damage)
             ... on level 2 of the Dungeon.
             The game lasted 00:03:54 (1349 turns).

shadowrider38 the Covered (Deep Dwarf Fighter)      Turns: 1349, Time: 00:03:54

Health: -2/34      AC:  6    Str: 20    XL:     3   Next: 76%
Magic:  12/12 (3)  EV:  7    Int:  8    God:
Gold:   67         SH:  9    Dex: 12    Spells: 2/2 levels left

rFire    . . .     SeeInvis .   a - +0 war axe
rCold    . . .     Faith    .   c - +0 kite shield
rNeg     . . .     Spirit   .   b - +0 scale mail
rPois    .         Reflect  .   (no helmet)
rElec    .         Harm     .   (no cloak)
rCorr    .         Rampage  .   (no gloves)
Will     .....                  (no boots)
Stlth    ..........             k - amulet of the acrobat
HPRegen  0.00/turn              i - ring of magical power
MPRegen  0.13/turn              (no ring)

@: no status effects
A: damage resistance, heal wounds, sense surroundings 1, no regeneration
a: Heal Wounds


You were on level 2 of the Dungeon.
You visited 1 branch of the dungeon, and saw 2 of its levels.

You collected 67 gold pieces.

Inventory:

Hand Weapons
 a - a +0 war axe (weapon)
Missiles
 e - 57 stones (quivered)
Armour
 b - a +0 scale mail (worn)
 c - a +0 kite shield (worn)
Jewellery
 i - a ring of magical power (left hand)
 k - an amulet of the acrobat (around neck)
Wands
 m - a wand of iceblast (4)
Scrolls
 f - a scroll of amnesia {unknown}
 g - a scroll of teleportation {unknown}
Potions
 d - 2 potions of might
 j - a potion of attraction {unknown}
 l - a potion of lignification {unknown}


   Skills:
 + Level 3.3 Fighting
 + Level 3.1 Axes
 + Level 3.6 Armour
 + Level 3.6 Shields
 + Level 0.6 Evocations


You had 2 spell levels left.
You didn't know any spells.
Your spell library was empty.

Dungeon Overview and Level Annotations

Branches:
Dungeon (2/15)

Altars:

Shops:
D:2 *


Innate Abilities, Weirdness & Mutations

You are resistant to damage.
You can heal yourself by infusing magical energy.
You passively map a small area around you.
You do not regenerate.


Message History

Aim: a gnoll, wielding a +0 flail (61% to hit)
You throw a javelin. The javelin pierces through the gnoll.
The gnoll is almost dead.
The javelin pierces through the gnoll!
The gnoll is severely wounded.
The javelin barely misses the gnoll.
The javelin pierces through the gnoll but does no damage.
Throw: javelin
Press: ? - help, Q - select action, (/) - cycle Shift-Dir - straight line, f/p - gnoll
Aim: a gnoll, wielding a +0 flail (severely wounded, 61% to hit)
You throw a javelin. The javelin barely misses the gnoll.
The javelin pierces through the gnoll.
You kill the gnoll!
The javelin barely misses the gnoll.
The javelin barely misses the gnoll.
Throw: 57 stones
Press: ? - help, Q - select action, (/) - cycle Shift-Dir - straight line, f/p - gnoll
Aim: a gnoll, wielding a +0 flail (severely wounded, 61% to hit)
Okay, then.
You hit the gnoll.
You kill the gnoll!
Your shield and scale mail prevent you from hitting the gnoll.
The gnoll hits you with a +0 flail! The gnoll completely misses you.
You barely miss the gnoll. The gnoll hits you with a +0 flail.
* * * LOW HITPOINT WARNING * * *
You block the gnoll's attack.
You hit the gnoll but do no damage. The gnoll hits you with a +0 flail!
* * * LOW HITPOINT WARNING * * *
You barely miss the gnoll. The gnoll closely misses you.
The gnoll hits you with a +0 flail.
You fail to use your ability.
The gnoll hits you with a +0 flail.
* * * LOW HITPOINT WARNING * * *
You slash the gnoll!
The gnoll is severely wounded.
You block the gnoll's attack.
You slash the gnoll!
You kill the gnoll!
The gnoll hits you with a +0 flail.
You die...

...#.#...........###....#....##..
##.#.#..#(#.####.#.[..#...##..##.
#..#.#.#.#..#.†..#.##.....##...##
####........#.####.##..##.......#
...†.########..........##..#.....
###### #..#############.####
#########.## #..#
#.((.().)..######## #.##
#.########.g@....)# #.# #.#
*########.#####.##### #)#* *
................ #g# *, ,
##............. #.# , ,,
,*....###.######## #g#* , .#* #.#
# #g# * , * #.# # #.# * * #.# #
#....ggg# #.# #


You could see a gnoll.

Vanquished Creatures
  3 gnolls (D:2)
  4 ball pythons
  3 bats
  An endoplasm (D:2)
  A goblin (D:2)
  3 hobgoblins (D:1)
  4 jackals (D:1)
  4 quokkas
  10 frilled lizards (D:1)
  4 kobolds
  4 rats
41 creatures vanquished.

Vanquished Creatures (others)
  8 plants (D:1)
8 creatures vanquished.

Grand Total: 49 creatures vanquished

Notes
Turn   | Place    | Note
-------+----------+-------------------------------------------
     0 | D:1      | shadowrider38 the Deep Dwarf Fighter began the quest for
                  | the Orb.
     0 | D:1      | Reached XP level 1. HP: 20/20 MP: 1/1
   136 | D:1      | Reached XP level 2. HP: 28/28 MP: 2/2
   529 | D:1      | Found a faded altar of an unknown god.
   925 | D:2      | Reached XP level 3. HP: 21/34 MP: 3/3
  1125 | D:2      | Found Muubruna's Assorted Antiques.
  1349 | D:2      | Slain by a gnoll

Illustrated notes

Levels and vault maps discovered:
D:1:      minmay_arrival_arboretum_small, layout_loops_ring,
          shapermc_ecumenical_altar_venn, grunt_decor_junction,
          minmay_lizard_king
D:2:      minmay_thinvault, layout_loops_ring, serial_shops, shop

Skill      XL: |  1  2  3 |
---------------+----------+-----
Fighting       | 3 |  3.3
Axes           | 3 |  3.1
Armour         | |  3.6
Shields        | |  3.6
Evocations     | |  0.6

Action                   || total
-------------------------++-------
Melee: War axe           ||   128
Throw: Stone             ||    13
       Javelin           ||     4
Armor: Scale mail        ||    64
Dodge: Dodged            ||    53
Block: Kite shield       ||    79
